 Dungeon Crawl Stone Soup version 0.30-a0-743-gbfdf073431 (webtiles) character file.

Game seed: 15944553875398163206

21777 browni3141 the Cleaver (level 12, -3/92 HPs)
             Began as a Mummy Cinder Acolyte on Feb 6, 2023.
             Was a High Priest of Ignis.
             Slain by a culicivora (18 damage)
             ... on level 3 of the Lair of Beasts.
             The game lasted 00:37:26 (13564 turns).

browni3141 the Cleaver (Mummy Cinder Acolyte)      Turns: 13564, Time: 00:37:27

Health: -3/92      AC: 22    Str: 36    XL:     12   Next: 57%
Magic:  14/14      EV:  9    Int: 14    God:    Ignis [*****.]
Gold:   1187       SH:  0    Dex: 11    Spells: 13/13 levels left

rFire   . . .      SeeInvis .    a - +0 war axe (spect)
rCold   . . .      Faith    +    (no shield)
rNeg    + + +      Spirit   .    K - +4 chain mail {Will+}
rPois   ∞          Reflect  .    r - +1 helmet "Osmaol" {rC- Str+8 Dex-2 Stlth+}
rElec   .          Harm     .    p - +0 cloak
rCorr   .          Rampage  .    n - +1 pair of gloves
Will    ++...                    m - +1 pair of boots Stlth
                                 (no amulet)
HPRegen 0.35/turn                y - +6 ring of dexterity
MPRegen 0.14/turn                u - +6 ring of strength

@: no status effects
A: cold resistance 1, negative energy resistance 3, torment resistance 2, heat
vulnerability 1, in touch with death 1, no potions, faith
a: Renounce Religion, Fiery Armour, Foxfire Swarm, Rising Flame


You were on level 3 of the Lair of Beasts.
You worshipped Ignis.
Ignis was extremely pleased with you.
You visited 2 branches of the dungeon, and saw 15 of its levels.
You also visited: Ossuary.

You collected 1187 gold pieces.

Inventory:

Hand Weapons
 a - a +0 spectral war axe (weapon)
 b - a +0 broad axe of flaming
 c - a +0 dagger
 e - a +0 club
 f - a -1 hand axe of flaming
 x - a +0 sling
 A - a +2 hand axe of pain
Missiles
 s - 8 javelins
 z - 7 curare-tipped darts (quivered)
 D - 22 poisoned darts
 F - 3 atropa-tipped darts
 I - 6 throwing nets
Armour
 j - a +0 robe
 m - a +1 pair of boots (worn)
 n - a +1 pair of gloves (worn)
 p - a +0 cloak (worn)
 q - a +0 troll leather armour
 r - the +1 helmet "Osmaol" (worn) {rC- Str+8 Dex-2 Stlth+}
   (You found it on level 3 of the Dungeon)

   Str:       It affects your strength (+8).
   Dex:       It affects your dexterity (-2).
   rC:        It makes you vulnerable to cold.
   Stlth:     It makes you more stealthy.
 B - a +0 chain mail
 K - a +4 chain mail of willpower (worn)
Magical Staves
 C - a staff of air
Jewellery
 k - a ring of resist corrosion
 o - a +6 ring of dexterity
 u - a +6 ring of strength (right hand)
 y - a +6 ring of dexterity (left hand)
 L - a ring of wizardry
 R - a ring of see invisible
 S - a ring of willpower
Wands
 v - a wand of flame (60)
 w - a wand of digging (6)
 G - a wand of mindburst (16)
 M - a wand of roots (4)
 P - a wand of paralysis (4)
Scrolls
 g - a scroll of poison
 h - 2 scrolls of noise
 i - 2 scrolls of fog
 l - 2 scrolls of blinking
 t - 2 scrolls of amnesia
 E - 3 scrolls of vulnerability
 H - 11 scrolls of teleportation {unknown}
 J - a scroll of immolation
 N - a scroll of silence {unknown}
 Q - a scroll of magic mapping {unknown}


   Skills:
 * Level 7.9 Fighting
 - Level 14.0 Axes
 - Level 4.0 Throwing
 - Level 6.0 Armour
 - Level 1.0 Stealth
 - Level 1.3 Spellcasting
 - Level 2.4 Fire Magic
 - Level 6.0 Evocations


You had 13 spell levels left.
You didn't know any spells.
Your spell library contained the following spells:

 Spells                   Type           Power      Damage    Failure   Level
 Scorch                   Fire           14%        2d6       45%         2
 Magic Dart               Conj           0%         1d3       67%         1
 Call Imp                 Summ           0%         N/A       80%         2
 Searing Ray              Conj           0%         2d4       80%         2
 Frozen Ramparts          Ice            0%         1d1       95%         3
 Mephitic Cloud           Conj/Pois/Air  0%         N/A       95%         3
 Anguish                  Hex/Necr       0%         N/A       100%        4
 Fulminant Prism          Conj/Hex       0%         3d5       100%        4
 Leda's Liquefaction      Hex/Erth       0%         N/A       100%        4
 Olgreb's Toxic Radiance  Pois           0%         N/A       100%        4
 Summon Ice Beast         Ice/Summ       0%         N/A       100%        4
 Lee's Rapid Deconstruct  Erth           0%         3d4*      100%        5
 Metabolic Englaciation   Hex/Ice        0%         N/A       100%        5
 Enfeeble                 Hex            0%         N/A       100%        7
 Ozocubu's Refrigeration  Ice            0%         4d7       100%        7
 Ignition                 Fire           3%         3d4       100%        8
 Polar Vortex             Ice            0%         N/A       100%        9
 Ice Form                 Ice/Tmut       Unusable   N/A       N/A         4
 Statue Form              Tmut/Erth      Unusable   N/A       N/A         6

Dungeon Overview and Level Annotations

Branches:
Dungeon (12/15)            Temple (0/1) D:5            Lair (3/5) D:8
 Shoals (0/4) Lair:3          Orc (0/2) D:12        Ossuary (visited)
  Snake: Lair:2-3    Spider: Lair:2-3

Altars:
Cheibriados
Fedhas
Hepliaklqana
Makhleb
Sif Muna
Trog
Uskayaw
Vehumet
Xom

Shops:
D:12 [(

Annotations:
D:6 exclusion: gargoyle
D:8 Maggie
D:10 2 runed translucent doors, exclusion: 2 doors, workcheese's ghost, journeyman MiBe
D:12 2 transporters, exclusion: downstairs
Lair:1 2 transporters


Innate Abilities, Weirdness & Mutations

You are immune to poison.
Your flesh is cold resistant. (rC+)
You are immune to negative energy. (rN+++)
You are immune to unholy pain and torment.
You are vulnerable to heat. (rF-)
You are in touch with the powers of death.
You do not drink.
You have a special connection with the divine. (Faith)


Message History

You kill the centaur!
You slash the elephant!
You kill the elephant!
You are too injured to fight recklessly!
Throw: 10 darts (curare)
Press: ? - help, Q - select action, (/) - cycle Shift-Dir - straight line, f - elephant
Aim: an elephant (grey smoke, 90% to hit)
You throw a curare-tipped dart.
The curare-tipped dart hits the elephant.
The elephant is poisoned.
The elephant convulses.
The elephant seems to slow down.
The elephant is lightly wounded.
You slash the elephant!
The elephant is moderately wounded.
Your +0 spectral war axe hits the elephant.
You slice the elephant!!
The elephant is severely wounded.
Your +0 spectral war axe hits the elephant!
A culicivora comes into view.
The elephant tramples your +0 spectral war axe!
Your spectral weapon shares its damage with you!
Your +0 spectral war axe is shoved backwards!
* * * LOW HITPOINT WARNING * * *
You catch the helpless elephant completely off-guard!
You slice the elephant!!
You kill the elephant!
The culicivora's many legs skitter faintly.
You see here a curare-tipped dart.
Throw: 9 darts (curare)
Press: ? - help, Q - select action, (/) - cycle Shift-Dir - straight line, f - culicivora
Aim: a culicivora (41% to hit)
You throw a curare-tipped dart.
The curare-tipped dart barely misses the culicivora.
Throw: 8 darts (curare)
Press: ? - help, Q - select action, (/) - cycle Shift-Dir - straight line, f/p - culicivora
Aim: a culicivora (grey smoke, 41% to hit)
You throw a curare-tipped dart.
The curare-tipped dart closely misses the culicivora.
The culicivora bites you!!
You die...

..>............
....P...........
.P.P..PP........
.......P........
................
.(.)..)§.§......
......)§........
......)§†.../...
......§s@§§...P#
...##.§§§#§..## #
.. #...§#.§..#.# .
##.#§§......#..
##..............
#.....†#.#.#...#
...#..###.##.....#
....PP..#..#.....#
.....P............


You could see a culicivora.

Vanquished Creatures
  Gastronok (Lair:1)
  Fannar (Lair:2)
  Harold (D:10)
  2 boulder beetles
  2 two-headed ogres
  Urug (D:10)
  Sonja (Lair:1)
  Amaemon (D:8)
  2 cyclopes
  6 elephants (Lair:3)
  An orange demon (D:8)
  A torpor snail (Lair:1)
  2 gargoyles (D:12)
  An unseen horror (D:11)
  4 cane toads
  5 komodo dragons
  2 hornets
  2 trolls
  Prince Ribbit (D:6)
  2 dream sheep (Lair:1)
  A slime creature (D:6)
  Sigmund (D:5)
  4 yaks (Lair:1)
  3 wyverns
  2 basilisks
  3 steam dragons
  3 acid dragons
  6 water moccasins
  4 orc warriors
  A sky beast (D:7)
  5 black bears
  An ogre (D:5)
  9 centaurs
  A phantom (D:4)
  4 kobold brigands
  10 bullfrogs
  A necrophage (D:4)
  A scorpion (D:5)
  A gnoll sergeant (D:10)
  A wight (D:8)
  11 killer bees
  4 howler monkeys
  9 jellies (D:6)
  4 hounds
  4 orc priests
  Ijyb (D:4)
  3 iguanas
  5 orc wizards
  8 mummies (Ossuary)
  10 adders
  3 gnolls (D:10)
  A shadow imp (D:5)
  2 white imps
  An ufetubus (D:5)
  A worm (D:2)
  A dart slug (D:10)
  26 orcs
  4 bats
  18 endoplasms
  8 giant cockroaches
  3 gnoll zombies (Ossuary)
  5 goblins
  5 hobgoblins
  9 jackals
  8 quokkas
  6 ball pythons
  6 frilled lizards
  2 hobgoblin zombies (Ossuary)
  22 kobolds
  A kobold zombie (Ossuary)
  2 orc zombies (Ossuary)
  3 rats (D:2)
297 creatures vanquished.

Vanquished Creatures (others)
  13 fungi
  16 plants
29 creatures vanquished.

Grand Total: 326 creatures vanquished

Notes
Turn   | Place    | Note
-------+----------+-------------------------------------------
     0 | D:1      | browni3141 the Mummy Cinder Acolyte began the quest for the
                  | Orb.
     0 | D:1      | Reached XP level 1. HP: 18/18 MP: 2/2
   427 | D:1      | Reached XP level 2. HP: 18/24 MP: 4/4
   429 | D:1      | Reached skill level 3 in Axes
   652 | D:1      | Got the Annotations on Frostbite
  1060 | D:2      | Found a radiant altar of Vehumet.
  1154 | D:2      | Gained mutation: You are in touch with the powers of death.
                  | [Mummy growth]
  1154 | D:2      | Reached XP level 3. HP: 27/29 MP: 5/5
  1204 | D:2      | Reached skill level 4 in Axes
  1336 | D:2      | Reached XP level 4. HP: 21/35 MP: 6/6
  2223 | D:3      | Reached skill level 1 in Stealth
  2407 | D:3      | Reached XP level 5. HP: 36/41 MP: 7/7
  2709 | D:3      | Identified the +1 helmet "Osmaol" {rC- Str+8 Dex-2 Stlth+}
  2779 | D:3      | Found a hazy altar of Hepliaklqana.
  3273 | D:4      | Noticed Ijyb
  3284 | D:4      | Killed Ijyb
  3285 | D:4      | Reached skill level 5 in Axes
  3335 | D:4      | Noticed a phantom
  3356 | D:4      | Killed a phantom
  3357 | D:4      | Reached XP level 6. HP: 20/47 MP: 8/8
  3487 | D:4      | Reached skill level 1 in Throwing
  3487 | D:4      | Reached skill level 1 in Evocations
  3825 | D:5      | Entered Level 5 of the Dungeon
  3825 | D:5      | Found a burning altar of Makhleb.
  3844 | D:5      | Reached XP level 7. HP: 42/52 MP: 9/9
  3920 | D:5      | Reached skill level 6 in Axes
  4260 | D:5      | Found a staircase to the Ecumenical Temple.
  4370 | D:5      | Noticed Sigmund
  4381 | D:5      | Found a large runed translucent door.
  4387 | D:5      | Found a large runed translucent door.
  4388 | D:5      | Killed Sigmund
  4467 | D:5      | Found a shimmering blue altar of Sif Muna.
  4475 | D:5      | Found a shimmering altar of Xom.
  4484 | D:5      | Reached skill level 7 in Axes
  4729 | D:5      | Found a bloodstained altar of Trog.
  4803 | D:6      | Noticed Prince Ribbit
  4864 | D:6      | Found a sand-covered staircase.
  4877 | Ossuary  | Entered an ossuary
  5351 | D:6      | Found a blossoming altar of Fedhas.
  5359 | D:6      | Reached XP level 8. HP: 58/58 MP: 10/10
  5394 | D:6      | Reached skill level 8 in Axes
  5399 | D:6      | HP: 2/58 [orc priest/+0 trident (7)]
  5596 | D:6      | Reached skill level 1 in Armour
  5615 | D:6      | Noticed a slime creature
  5737 | D:6      | Killed Prince Ribbit
  5767 | D:6      | Noticed a gargoyle
  5797 | D:6      | Reached skill level 9 in Axes
  5889 | D:6      | Reached XP level 9. HP: 56/63 MP: 11/11
  6369 | D:7      | Found a radiant altar of Vehumet.
  6508 | D:7      | Reached skill level 10 in Axes
  6536 | D:7      | Noticed a troll
  6947 | D:7      | Killed a troll
  7029 | D:8      | Found a staircase to the Lair.
  7030 | D:8      | Noticed a komodo dragon
  7242 | D:8      | Noticed Maggie
  7279 | D:8      | Noticed an orange demon
  7280 | D:8      | Noticed Amaemon
  7287 | D:8      | Killed an orange demon
  7288 | D:8      | Reached XP level 10. HP: 66/70 MP: 12/12
  7291 | D:8      | Killed Amaemon
  7292 | D:8      | Reached skill level 11 in Axes
  7643 | D:8      | Noticed a cyclops
  7648 | D:8      | Killed a cyclops
  7941 | D:9      | Noticed a boulder beetle
  7964 | D:9      | Killed a boulder beetle
  7965 | D:9      | Reached skill level 12 in Axes
  8397 | D:10     | Entered Level 10 of the Dungeon
  8554 | D:10     | Noticed a two-headed ogre
  8565 | D:10     | Killed a two-headed ogre
  8622 | D:10     | Found a snail-covered altar of Cheibriados.
  8853 | D:10     | Noticed a cyclops
  8864 | D:10     | Killed a cyclops
  8865 | D:10     | Reached XP level 11. HP: 70/75 MP: 13/13
  8873 | D:10     | Noticed Urug
  8896 | D:10     | Identified the +5 rapier "Xoklud" {venom, rC++}
  8909 | D:10     | Found a large runed translucent door.
  8909 | D:10     | Found a large runed translucent door.
  8914 | D:10     | Noticed workcheese's ghost (journeyman MiBe)
  8937 | D:10     | Noticed Harold
  8953 | D:10     | Killed Harold
  8954 | D:10     | Reached skill level 13 in Axes
  9196 | D:10     | Killed Urug
  9828 | D:11     | Noticed a two-headed ogre
  9847 | D:11     | Killed a two-headed ogre
 10491 | D:12     | Found a transporter.
 10537 | D:12     | Noticed a two-headed ogre
 10540 | D:12     | Found a transporter.
 10540 | D:12     | Noticed a boulder beetle
 10541 | D:12     | Noticed an orc knight
 10541 | D:12     | Noticed a boulder beetle
 10577 | D:12     | Noticed a boulder beetle
 10820 | D:12     | Found Kuoggaunlo's Armour Shoppe.
 10821 | D:12     | Found a staircase to the Orcish Mines.
 10827 | D:12     | Found Vaomiox's Weapon Shoppe.
 10937 | D:12     | Noticed a boulder beetle
 10956 | D:12     | Killed a boulder beetle
 10957 | D:12     | Reached skill level 5 in Armour
 11105 | D:12     | Found a hide-covered altar of Uskayaw.
 11739 | Lair:1   | Entered Level 1 of the Lair of Beasts
 11824 | Lair:1   | Noticed Sonja
 11827 | Lair:1   | Reached skill level 5 in Fighting
 11828 | Lair:1   | Killed Sonja
 12162 | Lair:1   | Reached XP level 12. HP: 78/88 MP: 14/14
 12270 | Lair:1   | Found a transporter.
 12287 | Lair:1   | Noticed Gastronok
 12321 | Lair:1   | Killed Gastronok
 12322 | Lair:1   | Reached skill level 14 in Axes
 12322 | Lair:1   | Reached skill level 5 in Evocations
 12551 | Lair:1   | Found a transporter.
 12820 | Lair:2   | Noticed Fannar
 12839 | Lair:2   | Killed Fannar
 13550 | Lair:3   | Found a staircase to the Shoals.
 13564 | Lair:3   | Slain by a culicivora

Illustrated notes

Levels and vault maps discovered:
D:1:      elethiomel_arrival_maze, layout_loops_ring
D:2:      layout_basic, basic_altar, grunt_ministairs_11, nicolae_half_adder
D:3:      minmay_chambers_of_threes, layout_loops_ring,
          mainiacjoe_overflow_surrounded_room
D:4:      layout_cave_pools, uniq_ijyb
D:5:      layout_rooms, mainiacjoe_overflow_small_starburst,
          jmf_multi_god_temple2, lightli_temple_of_fire,
          minmay_temple_entry_stoned_glass, uniq_sigmund
D:6:      lemuel_slime, layout_cave_pools, mainiacjoe_overflow_tiny_flanked,
          nicolae_ossuary_entry_ruins, lightli_corner_chamber,
          uniq_prince_ribbit1
D:7:      layout_rooms, nicolae_overflow_hidden_temple, minmay_chambers_of_fives
D:8:      layout_gridville, david_lair_shrubbed, kennysheep_generic_room_7,
          uniq_maggie, uniq_amaemon
D:9:      layout_basic
D:10:     layout_gridville, kennysheep_slug_shrine, ebering_ghost_disaster_area,
          uniq_harold, uniq_urug
D:11:     layout_cave_pods
D:12:     gammafunk_the_bubble [the_bubble_gammafunk_plus_minus],
          layout_irregular_city, orc_david_3, nicolae_uskayaw_dance_hall
Lair:1:   gammafunk_worm_tunnel, layout_layer_cave, st_stairs_8,
          hibernation_bobbens, uniq_gastronok, uniq_sonja
Lair:2:   layout_chaotic_city, infiniplex_staircase_pool_2, uniq_fannar
Lair:3:   layout_layer_cave, minmay_shoals_entry_centaurs,
          hellmonk_spider_entry_life_and_decay, serial_bayou_shore_b,
          grunt_megastairs_3

Skill      XL: |  1  2  3  4  5  6  7  8  9 10 11 12 |
---------------+-------------------------------------+-----
Axes           | 3 4 5 7 9 10 12 13 14 | 14.0
Stealth        | 1 |  1.0
Throwing       | 2 3 4 |  4.0
Evocations     | 2 4 6 |  6.0
Armour         | 2 4 5 6 |  6.0
Fighting       | 6 7 |  7.9
Spellcasting   | |  1.3
Fire Magic     | |  2.4

Action                     |  1- 3 |  4- 6 |  7- 9 | 10-12 || total
---------------------------+-------+-------+-------+-------++-------
  Melee: Dagger            |    15 |       |       |       ||    15
         Hand axe          |     8 |       |    11 |       ||    19
         War axe           |    84 |   190 |   219 |   271 ||   764
         Punch             |       |     1 |     3 |     2 ||     6
         Broad axe         |       |       |       |     5 ||     5
   Fire: Sling             |    11 |       |       |       ||    11
  Throw: Dart              |       |       |     4 |    10 ||    14
         Throwing net      |       |       |       |     1 ||     1
 Invoke: Fiery Armour      |       |     1 |       |     1 ||     2
  Evoke: Wand              |       |     2 |     9 |    14 ||    25
    Use: Scroll            |       |     5 |    10 |     6 ||    21
   Stab: Sleeping          |       |     5 |     2 |     2 ||     9
         Invisible         |       |       |     1 |     2 ||     3
         Distracted        |       |       |     4 |     8 ||    12
         Betrayed ally     |       |       |       |     2 ||     2
 Armour: Robe              |    25 |    83 |    36 |       ||   144
         Chain mail        |       |       |    33 |   111 ||   144
         Troll leather arm |       |       |     9 |    31 ||    40
  Dodge: Dodged            |    89 |   146 |    94 |   107 ||   436

Table legend: (Time is in decaauts)
 A = Elapsed time spent in this place.
 B = Non-inter-level travel time spent in this place.
 C = Inter-level travel time spent in this place.
 D = Time resting spent in this place.
 E = Time spent auto-exploring this place.
 F = Levels seen in this place.
 G = Mean time per level.
                   A        B        C        D        E       F      G
               +--------+--------+--------+--------+--------+-----+--------+
         Total |  13609 |  12897 |    712 |    798 |   9557 |  16 |  850.6 |
       Dungeon |  11360 |  10706 |    654 |    561 |   8059 |  12 |  946.7 |
          Lair |   1808 |   1750 |     58 |    139 |   1303 |   3 |  602.7 |
       Ossuary |    440 |    440 |      0 |     98 |    195 |   1 |  440.0 |
               +--------+--------+--------+--------+--------+-----+--------+

Top non-repeatable levels by time:
     D:2: 1263 daAuts
     D:5: 1197 daAuts
    D:12: 1087 daAuts
     D:8: 1056 daAuts
    D:10: 1041 daAuts
    D:11: 1033 daAuts
     D:3: 1008 daAuts
     D:1: 963 daAuts
  Lair:1: 931 daAuts
     D:6: 914 daAuts
  Lair:2: 845 daAuts
     D:4: 660 daAuts
     D:7: 630 daAuts
     D:9: 504 daAuts
 Ossuary: 440 daAuts
